 Dungeon Crawl Stone Soup version 0.30-a0-187-gd9c2deaf24 (webtiles) character file.

Game seed: 9279487286339506174

18222 epen the Carver (level 12, -1/92 HPs)
             Began as a Gnoll Hexslinger on Oct 3, 2022.
             Was the Champion of Cheibriados.
             Slain by a wolf (2 damage)
             ... while petrified by a basilisk
             ... on level 1 of the Lair of Beasts.
             The game lasted 00:25:11 (11481 turns).

epen the Carver (Gnoll Hexslinger)                 Turns: 11481, Time: 00:25:12

Health: -1/92      AC:  9    Str: 25    XL:     12   Next: 56%
Magic:  20/24      EV:  2    Int: 29    God:    Cheibriados [******]
Gold:   116        SH:  0    Dex: 31    Spells: 12/27 levels left

rFire   . . .      SeeInvis +      - Unarmed
rCold   . . .      Faith    .    (shield currently unavailable)
rNeg    + + +      Spirit   .    Y - +0 troll leather armour
rPois   ∞          Reflect  .    o - +1 hat
rElec   .          Harm     .    y - +0 cloak
rCorr   .          Rampage  .    (gloves currently unavailable)
Will    .....                    B - +0 pair of boots
Stlth   ++++......               (no amulet)
HPRegen 1.15/turn                r - ring of see invisible
MPRegen 0.19/turn                q - ring of flight

@: blade hands, petrified, flying, studying 3 skills, very slow
A: fangs 1, strong nose, distributed training
a: End Transformation, Renounce Religion, Bend Time, Temporal Distortion,
Slouch, Step From Time


You were on level 1 of the Lair of Beasts.
You worshipped Cheibriados.
Cheibriados was exalted by your worship.
You had blades for hands.
You visited 3 branches of the dungeon, and saw 14 of its levels.
You also visited: Bailey and Gauntlet.

You collected 763 gold pieces.
You spent 647 gold pieces at shops.

Inventory:

Hand Weapons
 a - a +2 vorpal sling (melded)
Missiles
 N - 4 throwing nets
Armour
 h - a +0 pair of gloves (melded)
 n - a +2 cloak of stealth
 o - a +1 hat (worn)
 y - a +0 cloak (worn)
 B - a +0 pair of boots (worn)
 G - a +1 robe of resistance
 R - a +3 kite shield
 Y - a +0 troll leather armour (worn)
Jewellery
 q - a ring of flight (right blade hand)
 r - a ring of see invisible (left blade hand)
 z - a ring of willpower
 F - a ring of protection from fire
 H - a +6 ring of intelligence
 O - an amulet of faith
 P - a ring of resist corrosion
 Q - a ring of protection from fire
 S - a ring of ice
Wands
 w - a wand of mindburst (10)
 x - a wand of roots (15)
 A - a wand of light (4)
 C - a wand of flame (19)
 V - a wand of charming (15)
Scrolls
 b - 5 scrolls of poison
 c - 2 scrolls of brand weapon
 d - a scroll of teleportation
 i - 2 scrolls of amnesia
 s - 2 scrolls of identify
 D - a scroll of enchant armour
 W - a scroll of summoning
 X - a scroll of blinking
Potions
 e - 4 potions of haste
 f - a potion of magic
 g - 4 potions of mutation
 j - 2 potions of lignification
 k - 8 potions of curing
 l - a potion of invisibility
 m - a potion of berserk rage
 p - 3 potions of flight
 t - 2 potions of ambrosia
 u - 7 potions of heal wounds
 v - 2 potions of brilliance
 E - a potion of attraction
 I - 4 potions of might
 J - 3 potions of cancellation
 M - 5 potions of resistance
Miscellaneous
 Z - a lightning rod (4/4)


   Skills:
 + Level 8.1 Fighting
 + Level 7.7 Short Blades
 + Level 10.4 Long Blades
 + Level 7.7 Axes
 + Level 7.7 Maces & Flails
 + Level 7.7 Polearms
 + Level 7.7 Staves
 + Level 9.0 Ranged Weapons
 + Level 7.7 Throwing
 + Level 7.7 Armour
 + Level 9.0 Dodging
 + Level 7.7 Stealth
 + Level 8.1 Shields
 + Level 7.7 Unarmed Combat
 + Level 8.2 Spellcasting
 + Level 6.4 Conjurations
 + Level 8.5 Hexes
 + Level 6.4 Summonings
 + Level 6.4 Necromancy
 + Level 6.4 Translocations
 + Level 6.4 Transmutations
 + Level 6.4 Fire Magic
 + Level 6.4 Ice Magic
 + Level 6.4 Air Magic
 + Level 6.4 Earth Magic
 + Level 6.4 Poison Magic
 + Level 8.7 Invocations
 + Level 7.7 Evocations


You had 12 spell levels left.
You knew the following spells:

 Your Spells              Type           Power      Damage    Failure   Level
a - Slow                  Hex            100%       N/A       8%          1
b - Portal Projectile     Hex/Tloc       100%       N/A       13%         3
c - Inner Flame           Hex/Fire       53%        N/A       13%         3
d - Frozen Ramparts       Ice            98%        1d15      16%         3
e - Blade Hands           Tmut           24%        N/A       45%         5

Your spell library contained the following spells:

 Spells                   Type           Power      Damage    Failure   Level
 Apportation              Tloc           98%        N/A       11%         1
 Freeze                   Ice            100%       1d11      11%         1
 Necrotise                Necr           100%       1d9       11%         1
 Shock                    Conj/Air       100%       1d9       11%         1
 Summon Small Mammal      Summ           100%       N/A       11%         1
 Tukima's Dance           Hex            57%        N/A       11%         3
 Sublimation of Blood     Necr           49%        N/A       12%         2
 Wereblood                Tmut           49%        N/A       12%         2
 Hailstorm                Conj/Ice       49%        3d11      16%         3
 Swiftness                Air            49%        N/A       16%         3
 Cause Fear               Hex            28%        N/A       19%         4
 Airstrike                Air            24%        2d(4-20)  28%         4
 Summon Forest            Summ/Tloc      24%        N/A       45%         5
 Eringya's Noxious Bog    Tmut/Pois      24%        N/A       87%         6
 Summon Hydra             Summ           24%        N/A       100%        7


Dungeon Overview and Level Annotations

Branches:
Dungeon (12/15)            Temple (1/1) D:4            Lair (1/5) D:11
    Orc (0/2) D:10         Bailey (visited)         Gauntlet (visited)

Altars:
Ashenzari
Cheibriados
Dithmenos
Elyvilon
Fedhas
Gozag
Hepliaklqana
Kikubaaqudgha
Makhleb
Nemelex Xobeh
Okawaru
Qazlal
Ru
Sif Muna
Trog
Uskayaw
Vehumet
Wu Jian
Xom
Yredelemnul
Zin
The Shining One

Shops:
D:2 ?   D:7 :([=!   D:8 [   D:9 =   D:10 ?*![:

Annotations:
D:3 1 runed translucent door, gabibbone's ghost, amateur OgAE
D:8 2 transporters, QuickerDeath's ghost, novice HuFi


Innate Abilities, Weirdness & Mutations

You have blades for hands.
You are immune to poison.
Your spellcasting is less reliable in this form.
You are incapable of wielding weapons or throwing items.
You have very sharp teeth.
Your uncanny sense of smell can sniff out nearby items.
Your experience applies equally to all skills.


Message History

Casting: Frozen Ramparts (dangerous; 16% risk of failure)
Press: ? - help, Dir - look around, f - activate You miscast Frozen Ramparts.
You are very lightly contaminated with residual magic.
Nothing appears to happen.
The wolf bites you! The wolf barely misses you.
The komodo dragon barely misses you. x2
The basilisk bites you but does no damage.
You have turned to stone.
The wolf bites you! The wolf bites you. x2
The wolf bites you but does no damage. The komodo dragon bites you!!
The basilisk barely misses you. The wolf bites you!
The wolf bites you but does no damage.
The komodo dragon bites you but does no damage.
The basilisk bites you but does no damage.
The wolf bites you. The wolf bites you but does no damage. The wolf bites you.
The wolf bites you but does no damage. The basilisk bites you.
The komodo dragon bites you!! The wolf bites you but does no damage.
The komodo dragon bites you!!
* * * LOW HITPOINT WARNING * * *
The basilisk completely misses you. The wolf bites you!
* * * LOW HITPOINT WARNING * * *
The wolf bites you!
* * * LOW HITPOINT WARNING * * *
The komodo dragon bites you!
* * * LOW HITPOINT WARNING * * *
The wolf bites you. The basilisk bites you!
* * * LOW HITPOINT WARNING * * *
The wolf bites you.
* * * LOW HITPOINT WARNING * * *
The wolf bites you but does no damage. x2; The komodo dragon bites you!!
* * * LOW HITPOINT WARNING * * *
The basilisk gazes at you.
Your magical contamination has completely faded away.
The wolf bites you.
* * * LOW HITPOINT WARNING * * *
The wolf bites you.
* * * LOW HITPOINT WARNING * * *
The wolf bites you.
You die...

....#........##
...............
..............#
............#
...........#
#..h......#
...###lhl.....#
......h@## .# .
#........###.####..
#.......#..........
........#..........
........#..<.......
............PP.#.##
............####
#.......#..##
##.##.#.###


You could see a komodo dragon, a basilisk and 3 wolves.

Vanquished Creatures
  A minotaur (Gauntlet)
  A ghost crab (Gauntlet)
  A boulder beetle (D:11)
  4 two-headed ogres
  Nergalle (D:10)
  Pikel (D:7)
  A large abomination (Gauntlet)
  An orc knight (Bailey)
  2 cyclopes (D:11)
  A manticore (D:11)
  Joseph (D:9)
  An elephant (Gauntlet)
  A black mamba (Lair:1)
  An unseen horror (D:11)
  A cane toad (Lair:1)
  2 komodo dragons
  2 trolls
  A hornet (D:9)
  Sigmund (D:2)
  2 wyverns
  17 yaks
  Edmund (D:5)
  2 water moccasins (D:5)
  An acid dragon (D:10)
  7 orc warriors
  A sky beast (D:8)
  Pargi (D:3)
  An ice beast (D:8)
  2 black bears (D:6)
  4 ogres
  9 centaurs
  3 kobold brigands
  3 bullfrogs
  Blork the orc (D:5)
  A gnoll sergeant (D:6)
  3 scorpions
  12 wights
  6 small abominations (Gauntlet)
  3 killer bees (D:9)
  3 howler monkeys
  5 hounds
  3 jellies
  Crazy Yiuf (D:3)
  2 orc priests
  Ijyb (D:3)
  Natasha (thrice) (D:3)
  6 iguanas
  2 orc wizards
  A hell rat (D:8)
  A statue (D:10)
  9 gnolls
  7 river rats (D:8)
  6 adders
  An ufetubus (D:6)
  3 worms
  2 dart slugs
  38 orcs
  10 ball pythons
  6 endoplasms
  2 giant cockroaches (D:1)
  11 goblins
  11 hobgoblins
  3 jackals (D:5)
  21 kobolds
  13 quokkas
  A bat (D:1)
  A frilled lizard (D:1)
  22 rats
300 creatures vanquished.

Vanquished Creatures (others)
  A fungus (Lair:1)
  A plant (D:11)
2 creatures vanquished.

Grand Total: 302 creatures vanquished

Notes
Turn   | Place    | Note
-------+----------+-------------------------------------------
     0 | D:1      | epen the Gnoll Hexslinger began the quest for the Orb.
     0 | D:1      | Reached XP level 1. HP: 17/17 MP: 4/4
    84 | D:1      | Reached XP level 2. HP: 23/23 MP: 5/5
   244 | D:1      | Reached XP level 3. HP: 28/28 MP: 7/7
   563 | D:1      | Reached skill level 1 in Invocations
   635 | D:2      | Found Doyn's Magic Scroll Emporium.
   803 | D:2      | Noticed Sigmund
   811 | D:2      | Killed Sigmund
   812 | D:2      | Reached skill level 1 in Short Blades
   812 | D:2      | Reached skill level 1 in Long Blades
   812 | D:2      | Reached skill level 1 in Axes
   812 | D:2      | Reached skill level 1 in Maces & Flails
   812 | D:2      | Reached skill level 1 in Polearms
   812 | D:2      | Reached skill level 1 in Staves
   812 | D:2      | Reached skill level 1 in Throwing
   812 | D:2      | Reached skill level 1 in Armour
   812 | D:2      | Reached skill level 1 in Stealth
   812 | D:2      | Reached skill level 1 in Shields
   812 | D:2      | Reached skill level 1 in Unarmed Combat
   812 | D:2      | Reached skill level 1 in Conjurations
   812 | D:2      | Reached skill level 1 in Summonings
   812 | D:2      | Reached skill level 1 in Necromancy
   812 | D:2      | Reached skill level 1 in Translocations
   812 | D:2      | Reached skill level 1 in Transmutations
   812 | D:2      | Reached skill level 1 in Fire Magic
   812 | D:2      | Reached skill level 1 in Ice Magic
   812 | D:2      | Reached skill level 1 in Air Magic
   812 | D:2      | Reached skill level 1 in Earth Magic
   812 | D:2      | Reached skill level 1 in Poison Magic
   812 | D:2      | Reached skill level 1 in Evocations
   812 | D:2      | Reached XP level 4. HP: 28/35 MP: 6/8
   812 | D:2      | Reached XP level 5. HP: 33/41 MP: 6/9
  1712 | D:3      | Noticed Natasha
  1721 | D:3      | Killed Natasha
  1722 | D:3      | Reached XP level 6. HP: 35/47 MP: 11/11
  1734 | D:3      | Noticed Pargi
  1869 | D:2      | Learned a level 3 spell: Portal Projectile
  2027 | D:3      | Reached skill level 5 in Ranged Weapons
  2027 | D:3      | Reached skill level 5 in Dodging
  2244 | D:3      | Noticed Natasha
  2257 | D:3      | Killed Natasha
  2258 | D:3      | Reached skill level 2 in Long Blades
  2306 | D:3      | Killed Pargi
  2355 | D:3      | Noticed Ijyb
  2368 | D:3      | Killed Ijyb
  2404 | D:3      | Noticed Natasha
  2411 | D:3      | Killed Natasha
  2412 | D:3      | Reached XP level 7. HP: 40/52 MP: 12/12
  2583 | D:3      | Found a runed translucent door.
  2584 | D:3      | Noticed Crazy Yiuf
  2594 | D:3      | Killed Crazy Yiuf
  2603 | D:3      | Identified the +11 hammer of Prudence {drain, Will+ Str-5
                  | Dex+4 SInv}
  2710 | D:3      | Found a runed translucent door.
  2711 | D:3      | Noticed gabibbone's ghost (amateur OgAE)
  3398 | D:4      | Found a staircase to the Ecumenical Temple.
  3410 | Temple   | Entered the Ecumenical Temple
  3410 | Temple   | Noticed a chaos spawn
  3410 | Temple   | Noticed a rust devil
  3410 | Temple   | Noticed a smoke demon
  3410 | Temple   | Noticed a sixfirhy
  3410 | Temple   | Noticed a green death
  3411 | Temple   | Noticed a sixfirhy
  3411 | Temple   | Noticed Haintirgh the pandemonium lord
  3411 | Temple   | Noticed a hell beast
  3411 | Temple   | Noticed Zeanarch the pandemonium lord
  3411 | Temple   | Noticed an Executioner
  3412 | Temple   | Noticed a blizzard demon
  3412 | Temple   | Noticed a chaos spawn
  3413 | Temple   | Noticed Ezuijugiagg the pandemonium lord
  3413 | Temple   | Noticed Dett the pandemonium lord
  3416 | Temple   | Noticed an orange demon
  3450 | Temple   | Noticed an Ice Fiend
  3454 | Temple   | Noticed an Executioner
  3455 | Temple   | Noticed Fivic the pandemonium lord
  3473 | Temple   | Noticed Guecruxom the pandemonium lord
  3483 | Temple   | Noticed a chaos spawn
  3488 | Temple   | Became a worshipper of Cheibriados the Contemplative
  4053 | D:4      | Found a hide-covered altar of Uskayaw.
  4273 | D:5      | Entered Level 5 of the Dungeon
  4313 | D:5      | Reached skill level 3 in Long Blades
  4313 | D:5      | Reached XP level 8. HP: 60/60 MP: 14/14
  4634 | D:5      | Reached * piety under Cheibriados
  4757 | D:5      | Noticed Blork the orc
  4761 | D:5      | Killed Blork the orc
  4762 | D:5      | Reached skill level 4 in Long Blades
  4792 | D:5      | Noticed Edmund
  4801 | D:5      | Killed Edmund
  4873 | D:5      | Found a sparkling altar of Nemelex Xobeh.
  5110 | D:6      | Reached XP level 9. HP: 66/66 MP: 16/16
  5121 | D:6      | Reached skill level 5 in Spellcasting
  5132 | D:6      | Reached skill level 5 in Long Blades
  5192 | D:6      | Reached skill level 5 in Fighting
  5424 | D:6      | Reached ** piety under Cheibriados
  5652 | D:7      | Found Hudosu's Jewellery Shoppe.
  5688 | D:7      | Noticed Pikel
  5708 | D:7      | Killed Pikel
  5709 | D:7      | Reached skill level 5 in Invocations
  5830 | D:7      | Found Cakhaiph's Armour Boutique.
  5854 | D:7      | Found a burning altar of Makhleb.
  5898 | D:7      | Found an ancient bone altar of Kikubaaqudgha.
  5960 | D:7      | Found Wivebb's Distillery.
  5969 | D:7      | Bought a potion of heal wounds for 70 gold pieces
  6148 | D:7      | Found Cyescho Egumn's Antique Weapon Shop.
  6158 | D:7      | Reached skill level 6 in Long Blades
  6209 | D:7      | Found a bloodstained altar of Trog.
  6216 | D:7      | Found a sacrificial altar of Ru.
  6217 | D:7      | Found a glowing golden altar of the Shining One.
  6291 | D:7      | Found Vedul's Book Emporium.
  6402 | D:8      | Noticed a two-headed ogre
  6407 | D:8      | Killed a two-headed ogre
  6408 | D:8      | Reached skill level 5 in Short Blades
  6408 | D:8      | Reached skill level 5 in Axes
  6408 | D:8      | Reached skill level 5 in Maces & Flails
  6408 | D:8      | Reached skill level 5 in Polearms
  6408 | D:8      | Reached skill level 5 in Staves
  6408 | D:8      | Reached skill level 5 in Throwing
  6408 | D:8      | Reached skill level 5 in Armour
  6408 | D:8      | Reached skill level 5 in Stealth
  6408 | D:8      | Reached skill level 5 in Shields
  6408 | D:8      | Reached skill level 5 in Unarmed Combat
  6408 | D:8      | Reached skill level 5 in Evocations
  6408 | D:8      | Reached XP level 10. HP: 48/76 MP: 18/18
  6451 | D:8      | Found a flagged portal.
  6464 | Bailey   | Entered a bailey
  6562 | Bailey   | Learned a level 3 spell: Inner Flame
  6634 | Bailey   | Noticed an orc knight
  6639 | Bailey   | Killed an orc knight
  6642 | Bailey   | Reached skill level 7 in Long Blades
  6650 | Bailey   | Noticed an orc knight
  6652 | Bailey   | Noticed an orc knight
  6654 | Bailey   | Reached *** piety under Cheibriados
  6662 | Bailey   | HP: 2/76 [orc warrior/+0 trident (12)]
  6973 | D:8      | Noticed a two-headed ogre
  6973 | D:8      | Noticed a six-headed hydra
  6973 | D:8      | Noticed QuickerDeath's ghost (novice HuFi)
  6977 | D:8      | Found a transporter.
  7003 | D:8      | Found a transporter.
  7353 | D:8      | Found Cibutz's Antique Armour Shop.
  7596 | D:8      | Reached **** piety under Cheibriados
  7955 | D:9      | Noticed a two-headed ogre
  7965 | D:9      | Killed a two-headed ogre
  8025 | D:9      | Noticed a two-headed ogre
  8030 | D:9      | Killed a two-headed ogre
  8030 | D:9      | Reached ***** piety under Cheibriados
  8031 | D:9      | Reached skill level 8 in Long Blades
  8031 | D:9      | Reached skill level 5 in Conjurations
  8031 | D:9      | Reached skill level 5 in Summonings
  8031 | D:9      | Reached skill level 5 in Necromancy
  8031 | D:9      | Reached skill level 5 in Translocations
  8031 | D:9      | Reached skill level 5 in Transmutations
  8031 | D:9      | Reached skill level 5 in Fire Magic
  8031 | D:9      | Reached skill level 5 in Ice Magic
  8031 | D:9      | Reached skill level 5 in Air Magic
  8031 | D:9      | Reached skill level 5 in Earth Magic
  8031 | D:9      | Reached skill level 5 in Poison Magic
  8031 | D:9      | Reached XP level 11. HP: 57/83 MP: 17/21
  8233 | D:9      | Noticed Joseph
  8241 | D:9      | Found Ceoguej's Jewellery Emporium.
  8499 | D:9      | Killed Joseph
  8744 | D:9      | Found an ornate altar of the Wu Jian Council.
  9004 | D:9      | Noticed a two-headed ogre
  9012 | D:9      | Killed a two-headed ogre
  9111 | D:10     | Entered Level 10 of the Dungeon
  9334 | D:10     | Found Quesoq's Book Emporium.
  9343 | D:10     | Noticed Nergalle
  9359 | D:10     | Killed Nergalle
  9360 | D:10     | Reached skill level 9 in Long Blades
  9443 | D:10     | Bought a book of Frost for 200 gold pieces
  9447 | D:10     | Learned a level 3 spell: Frozen Ramparts
  9447 | D:10     | Bought a book of Weapons for 280 gold pieces
  9453 | D:10     | Learned a level 5 spell: Blade Hands
  9502 | D:10     | Found Bidos's Armour Emporium.
  9525 | D:10     | Found Moupsar's Magic Scroll Emporium.
  9575 | D:10     | Bought a scroll of blinking for 97 gold pieces
  9613 | D:10     | Found a staircase to the Orcish Mines.
  9618 | D:10     | Found a radiant altar of Vehumet.
  9911 | D:10     | Found a basalt altar of Yredelemnul.
  9975 | D:10     | Found Facukola's Distillery.
  9981 | D:10     | Found Guecomp's Assorted Antiques.
 10246 | D:11     | Noticed a boulder beetle
 10253 | D:11     | Killed a boulder beetle
 10254 | D:11     | Reached XP level 12. HP: 88/91 MP: 8/23
 10342 | D:11     | Found a gate leading to a gauntlet.
 10351 | Gauntlet | Entered a Gauntlet
 10351 | Gauntlet | Found a transporter.
 10351 | Gauntlet | Found a transporter.
 10351 | Gauntlet | Found a runed translucent door.
 10352 | Gauntlet | Found a runed translucent door.
 10363 | Gauntlet | Found the -2 hat of the Alchemist {rElec rPois rF+ rC+ rN+
                  | Will+ rMut rCorr}
 10364 | Gauntlet | Found a transporter.
 10381 | Gauntlet | Noticed a dire elephant
 10382 | Gauntlet | Found a transporter.
 10382 | Gauntlet | Found a transporter.
 10382 | Gauntlet | Found a transporter.
 10385 | Gauntlet | Found a transporter.
 10385 | Gauntlet | Found a transporter.
 10390 | Gauntlet | Noticed a ghost crab
 10399 | Gauntlet | Found a transporter.
 10414 | Gauntlet | Found a transporter.
 10424 | Gauntlet | Noticed a death yak
 10424 | Gauntlet | Noticed a death yak
 10424 | Gauntlet | Noticed a death yak
 10426 | Gauntlet | Noticed a death yak
 10426 | Gauntlet | Noticed a death yak
 10427 | Gauntlet | Found a transporter.
 10442 | Gauntlet | Found a transporter.
 10462 | Gauntlet | Found a transporter.
 10475 | Gauntlet | Found a transporter.
 10678 | Gauntlet | Killed a ghost crab
 10736 | Gauntlet | Identified the +1 chain mail "Poczaegg" {rC+ rN+ Str-5}
 10736 | Gauntlet | Noticed a minotaur
 10770 | Gauntlet | Killed a minotaur
 10771 | Gauntlet | Reached skill level 10 in Long Blades
 10783 | Gauntlet | Identified the +0 robe "Xioh" {rCorr}
 10858 | D:11     | Reached ****** piety under Cheibriados
 10992 | D:11     | Found a hazy altar of Hepliaklqana.
 11014 | D:11     | Found a staircase to the Lair.
 11463 | Lair:1   | Entered Level 1 of the Lair of Beasts
 11480 | Lair:1   | HP: 4/92 [komodo dragon (9)]
 11481 | Lair:1   | HP: 1/92 [wolf (2)]
 11481 | Lair:1   | Slain by a wolf

Illustrated notes

Levels and vault maps discovered:
D:1:      grunt_arrival_crossed_arrows, layout_rooms, minmay_octomino_c4
D:2:      layout_basic, serial_shops, nicolae_shop_stone, uniq_sigmund
D:3:      wander_river, layout_loops_ring, ebering_ghost_inner_flame,
          uniq_natasha, uniq_pargi, uniq_crazy_yiuf_cottage, uniq_ijyb
D:4:      layout_loops_corners, mainiacjoe_overflow_alcove_4, temple_hall,
          minmay_puff
D:5:      layout_basic, nemelex_diamond_rough_becter, uniq_blork_the_orc,
          uniq_edmund
D:6:      layout_loops_ring, grunt_ministairs_4
D:7:      layout_basic, grunt_temple_overflow_open,
          mainiacjoe_overflow_two_lobes, serial_shops,
          nicolae_shop_advertising_works [nicolae_subvault_shop_adworks], shop,
          shop, shop, shop_fountains, uniq_pikel
D:8:      lemuel_ratsnest, layout_loops_ring, enter_bailey_4,
          gammafunk_ghost_arena, serial_shops, shop, grunt_ogre_cave
D:9:      layout_long_grid, nicolae_wu_jian_immortal_techniques, serial_shops,
          nicolae_stop_n_shop_2, uniq_joseph
D:10:     layout_basic, kennysheep_mini, vehumet_statue, orc_0_dummy,
          serial_shops, shop_statue, nicolae_shop_statue_plus,
          nicolae_shop_competitors_out_of_business,
          nicolae_shop_temple_entry_statues_fountains,
          nicolae_shop_competitors_out_of_business, minmay_curled_crystal,
          uniq_nergalle
D:11:     layout_cave_pools, lair_entry_dummy, gauntlet_entry_generic,
          kennysheep_crisscross, nicolae_hepliaklqana_hazy_memory
D:12:     layout_loops_ring
Temple:   nicolae_temple_panitentiary
Lair:1:   dpeg_oklob_gauntlet, layout_gridlike, gammafunk_ghost_necromancy,
          grunt_megastairs_5, infiniplex_staircase_pool_2

Skill      XL: |  1  2  3  4  5  6  7  8  9 10 11 12 |
---------------+-------------------------------------+-----
Invocations    | 1 2 3 4 5 6 7 8 |  8.7
Fighting       | 3 4 5 6 7 8 |  8.1
Short Blades   | 1 2 3 5 6 7 |  7.7
Long Blades    | 1 2 3 4 6 8 9 10 | 10.4
Axes           | 1 2 3 5 6 7 |  7.7
Maces & Flails | 1 2 3 5 6 7 |  7.7
Polearms       | 1 2 3 5 6 7 |  7.7
Staves         | 1 2 3 5 6 7 |  7.7
Throwing       | 1 2 3 5 6 7 |  7.7
Armour         | 1 2 3 5 6 7 |  7.7
Stealth        | 1 2 3 5 6 7 |  7.7
Shields        | 1 2 3 5 6 7 8 |  8.1
Unarmed Combat | 1 2 3 5 6 7 |  7.7
Spellcasting   | 3 4 5 6 7 8 |  8.2
Conjurations   | 1 2 3 4 5 6 |  6.4
Summonings     | 1 2 3 4 5 6 |  6.4
Necromancy     | 1 2 3 4 5 6 |  6.4
Translocations | 1 2 3 4 5 6 |  6.4
Transmutations | 1 2 3 4 5 6 |  6.4
Fire Magic     | 1 2 3 4 5 6 |  6.4
Ice Magic      | 1 2 3 4 5 6 |  6.4
Air Magic      | 1 2 3 4 5 6 |  6.4
Earth Magic    | 1 2 3 4 5 6 |  6.4
Poison Magic   | 1 2 3 4 5 6 |  6.4
Evocations     | 1 2 3 5 6 7 |  7.7
Ranged Weapons | 5 6 7 8 9 |  9.0
Dodging        | 5 6 7 8 9 |  9.0
Hexes          | 6 7 8 |  8.5

Action                   |  1- 3 |  4- 6 |  7- 9 | 10-12 || total
-------------------------+-------+-------+-------+-------++-------
Melee: Short sword       |       |    35 |     6 |       ||    41
       Bite              |       |     6 |    26 |    16 ||    48
       Punch             |       |     1 |     5 |     8 ||    14
       Mace              |       |       |   195 |    96 ||   291
       Unarmed           |       |       |       |    81 ||    81
 Fire: Sling             |   101 |   143 |    43 |   265 ||   552
 Cast: Slow              |     3 |     2 |       |     3 ||     8
       Portal Projectile |       |     1 |     2 |     9 ||    12
       Inner Flame       |       |       |       |    22 ||    22
       Blade Hands       |       |       |       |    17 ||    17
       Frozen Ramparts   |       |       |       |     9 ||     9
 Abil: End Transformatio |       |       |       |     1 ||     1
  Use: Scroll            |       |       |    17 |    11 ||    28
       Potion            |       |       |       |     2 ||     2
 Stab: Sleeping          |       |       |    14 |     2 ||    16
       Distracted        |       |       |     1 |       ||     1
Armor: Robe              |     8 |    13 |    42 |    36 ||    99
       Troll leather arm |       |       |       |    29 ||    29
Dodge: Dodged            |    34 |    31 |   200 |   301 ||   566

Table legend: (Time is in decaauts)
 A = Elapsed time spent in this place.
 B = Non-inter-level travel time spent in this place.
 C = Inter-level travel time spent in this place.
 D = Time resting spent in this place.
 E = Time spent auto-exploring this place.
 F = Levels seen in this place.
 G = Mean time per level.
                   A        B        C        D        E       F      G
               +--------+--------+--------+--------+--------+-----+--------+
         Total |  14448 |  14037 |    411 |   1447 |   9725 |  16 |  903.0 |
       Dungeon |  13283 |  12893 |    390 |   1206 |   9405 |  12 | 1106.9 |
        Temple |     99 |     79 |     20 |      0 |     59 |   1 |   99.0 |
          Lair |     21 |     21 |      0 |      0 |      0 |   1 |   21.0 |
        Bailey |    306 |    306 |      0 |    156 |      0 |   1 |  306.0 |
      Gauntlet |    738 |    738 |      0 |     85 |    260 |   1 |  738.0 |
               +--------+--------+--------+--------+--------+-----+--------+

Top non-repeatable levels by time:
     D:9: 1739 daAuts
     D:8: 1596 daAuts
    D:10: 1557 daAuts
     D:4: 1509 daAuts
    D:11: 1255 daAuts
     D:2: 1215 daAuts
     D:7: 1041 daAuts
     D:3: 1010 daAuts
     D:6: 905 daAuts
     D:5: 821 daAuts
Gauntlet: 738 daAuts
     D:1: 626 daAuts
  Bailey: 306 daAuts
  Temple: 99 daAuts
  Lair:1: 21 daAuts
